 Dungeon Crawl Stone Soup version 0.19.5 (webtiles) character file.

226 tof the Cudgeler (level 5, -7/41 HPs)
             Began as a Demonspawn Gladiator on Mar 8, 2017.
             Mangled by an ogre
             ... wielding a +0 giant spiked club
              (22 damage)
             ... on level 4 of the Dungeon.
             The game lasted 00:06:56 (3573 turns).

tof the Cudgeler (Demonspawn Gladiator)             Turns: 3573, Time: 00:06:56

Health: -7/41      AC: 11    Str: 20    XL:     5   Next: 69%
Magic:  5/5        EV:  9    Int:  9    God:
Gold:   164        SH:  0    Dex: 15    Spells: 0 memorised, 4 levels left

rFire  . . .     SeeInvis .     a - +0 flail
rCold  . . .     Gourm    .     e - +0 chain mail
rNeg   + . .     Faith    .     (no shield)
rPois  .         Spirit   .     (helmet restricted)
rElec  .         Reflect  .     m - +0 cloak
rCorr  .         Harm     .     (no gloves)
MR     .....                    (no boots)
Stlth  ..........               (no amulet)
                                (no ring)
                                u - ring of positive energy

@: mighty
A: horns 1, molten scales 1, demonic guardian 1
a: no special abilities


You were on level 4 of the Dungeon.
You were not hungry.

You visited 1 branch of the dungeon, and saw 4 of its levels.

You collected 164 gold pieces.

Inventory:

Hand Weapons
 a - a +0 flail (weapon)
Missiles
 d - 3 throwing nets (quivered)
Armour
 b - a +0 leather armour
 c - a +0 helmet
 e - a +0 chain mail (worn)
 m - a +0 cloak (worn)
Jewellery
 u - a ring of positive energy (left hand)
Scrolls
 g - a scroll of enchant armour {unknown}
 h - a scroll of remove curse
 j - a scroll of amnesia {unknown}
 k - 2 scrolls of identify {unknown}
 l - a scroll of magic mapping {unknown}
 o - a scroll of recharging {unknown}
 p - a scroll of enchant weapon {unknown}
 q - a scroll of fear {unknown}
 t - a scroll of teleportation {unknown}
Comestibles
 f - 4 bread rations
 n - a beef jerky
 r - a meat ration
 v - 5 chunks of flesh


   Skills:
 * Level 3.2 Fighting
 * Level 3.9 Maces & Flails
 + Level 2.5 Throwing
 + Level 1.5 Armour
 * Level 3.5 Dodging


You had 4 spell levels left.
You didn't know any spells.

Dungeon Overview and Level Annotations

Branches:
Dungeon (4/15)
 Temple: D:4-7

Altars:
Trog


Innate Abilities, Weirdness & Mutations

You have a pair of small horns on your head.
You are partially covered in molten scales. (AC +2)
A weak demonic guardian rushes to your aid.


Message History

Your quasit bites the worker ant but does no damage.
Your quasit claws the worker ant but does no damage.
Your quasit claws the worker ant.
The worker ant bites your quasit.
The worker ant closely misses your quasit.
Something bites your quasit.
Your quasit dies!
You hit the ogre.
The ogre is lightly wounded.
The ogre hits you with a giant spiked club!
You hit the ogre.
The ogre is lightly wounded.
The ogre hits you with a giant spiked club!
* * * LOW HITPOINT WARNING * * *
You are too injured to fight recklessly!
You are too injured to fight recklessly!
You feel better. The ogre hits you but does no damage.
You feel very mighty all of a sudden.
The ogre hits you with a giant spiked club!!
Ouch! That really hurt!
You die...

.##.#...#########..........####
###...........##.........a.....#
##.#........##...............#
##..........##..#######......!
###..#............# .......
.##..#..####.....## .....!.
>....#.###.....### # .......
##..##.##..##.######.... .......
##.....##.#...5O@....... ....
.............######..###
##.##..#......... ...
..........######. #
.................
.#.##............
...####........<#
...####.........#
...(...........##


You could see an ogre and a friendly iron imp.

Vanquished Creatures
  2 orc wizards (D:3)
  2 worker ants (D:4)
  3 adders (D:2)
  3 oozes
  2 worms (D:2)
  2 leopard geckos
  4 orcs (D:3)
  4 ball pythons
  6 bats
  5 giant cockroaches
  2 goblins
  7 hobgoblins
  4 jackals (D:1)
  2 quokkas
  5 frilled lizards
  9 kobolds (D:2)
  A leopard gecko skeleton (D:4)
  11 rats
74 creatures vanquished.

Notes
Turn   | Place    | Note
-------+----------+-------------------------------------------
     0 | D:1      | tof the Demonspawn Gladiator began the quest for the Orb.
     0 | D:1      | Reached XP level 1. HP: 16/16 MP: 1/1
   208 | D:1      | Gained mutation: You have a pair of small horns on your head. [demonic ancestry]
   208 | D:1      | Reached XP level 2. HP: 18/22 MP: 2/2
   976 | D:2      | Gained mutation: You are partially covered in molten scales. (AC +2) [demonic ancestry]
   976 | D:2      | Reached XP level 3. HP: 21/28 MP: 3/3
  1266 | D:2      | Reached skill level 1 in Armour
  1718 | D:2      | Reached XP level 4. HP: 29/34 MP: 4/4
  1937 | D:2      | Noticed a moth of wrath
  1939 | D:2      | Found a bloodstained altar of Trog.
  2447 | D:3      | Gained mutation: A weak demonic guardian rushes to your aid. [demonic ancestry]
  2447 | D:3      | Reached XP level 5. HP: 17/41 MP: 5/5
  3550 | D:4      | Noticed an ogre
  3573 | D:4      | Mangled by an ogre

Skill      XL: |  1  2  3  4 |
---------------+-------------+-----
Dodging        | 3 |  3.5
Maces & Flails | 3 |  3.9
Throwing       | 2 |  2.5
Armour         | 1 |  1.5
Fighting       | 3 |  3.2

Action                   |  1- 3 |  4- 6 || total
-------------------------+-------+-------++-------
Melee: Flail             |   134 |   144 ||   278
       Headbutt          |    17 |    25 ||    42
  Use: Potion            |     6 |     3 ||     9
       Scroll            |       |     1 ||     1
  Eat: Chunk             |     3 |     6 ||     9
Armor: Chain mail        |   116 |   124 ||   240
Dodge: Dodged            |    62 |    66 ||   128
